 Dungeon Crawl Stone Soup version 0.28.0-47-ge53b351184 (webtiles) character file.

Game seed: 13640422605506143631

535 101zpm the Magician (level 7, -5/46 HPs)
             Began as a Djinni Ice Elementalist on Apr 27, 2022.
             Slain by an ogre
             ... wielding a +0 giant club
              (8 damage)
             ... on level 5 of the Dungeon.
             The game lasted 00:11:29 (4618 turns).

101zpm the Magician (Djinni Ice Elementalist)       Turns: 4618, Time: 00:11:30

Health: -5/46      AC: 15    Str:  7    XL:     7   Next: 50%
Gold:   113        EV: 11    Int: 18    God:
                   SH:  0    Dex: 12

rFire   + + .      SeeInvis .   h - +1 mace (protect)
rCold   x . .      Faith    .   (no shield)
rNeg    . . .      Spirit   .   c - +0 leather armour "Yrhaehaf" {rPois Dex-2 Slay+5 Stlth+}
rPois   ∞          Reflect  .   (no helmet)
rElec   .          Harm     .   (no cloak)
rCorr   .          Rampage  .   (no gloves)
Will    .....                   (boots unavailable)
Stlth   +++.......              (no amulet)
HPRegen 0.15/turn               (no ring)
MPRegen 0.00/turn               (no ring)

@: ice-armoured, under a protective aura, freezing walls, flying
A: sickness immunity, fire resistance 2, cold vulnerability 1, float, innate
caster, HP casting, extra vitality 1
a: no special abilities


You were on level 5 of the Dungeon.
You visited 1 branch of the dungeon, and saw 5 of its levels.

You collected 113 gold pieces.

Inventory:

Hand Weapons
 h - a +1 mace of protection (weapon)
 n - the +3 mace of the Gibberer {antimagic, rElec Stlth+}
   (You found it on level 5 of the Dungeon)

   It reduces the magical energy of the wielder, and disrupts the spells and
   magical abilities of those it strikes.
   Natural abilities and divine invocations are not affected.
   rElec:     It insulates you from electricity.
   Stlth:     It makes you more stealthy.
Armour
 a - a +0 robe
 c - the +0 leather armour "Yrhaehaf" (worn) {rPois Dex-2 Slay+5 Stlth+}
   (You found it on level 2 of the Dungeon)

   Dex:       It affects your dexterity (-2).
   Slay:      It affects your accuracy & damage with ranged weapons and melee
   (+5).
   rPois:     It protects you from poison.
   Stlth:     It makes you more stealthy.
Scrolls
 b - 2 scrolls of identify
 d - a scroll of holy word {unknown}
 j - 2 scrolls of noise {unknown}
 l - a scroll of acquirement {unknown}
 o - a scroll of blinking {unknown}
Potions
 e - a potion of heal wounds {unknown}
 f - a potion of curing
 g - a potion of lignification {unknown}
 i - a potion of might {unknown}
 k - a potion of flight {unknown}
 m - a potion of degeneration {unknown}
 p - a potion of haste {unknown}


   Skills:
 + Level 0.4 Fighting
 + Level 1.1 Maces & Flails
 + Level 2.0 Armour
 + Level 2.7 Dodging
 + Level 1.9 Stealth
 + Level 0.3 Unarmed Combat
 + Level 5.9 Spellcasting


You couldn't memorise any spells.
You knew the following spells:

 Your Spells              Type           Power      Damage    Failure   Level
a - Freeze                Ice            100%       1d11      1%          1
b - Frozen Ramparts       Ice            52%        1d7       4%          3
c - Ozocubu's Armour      Ice            26%        N/A       4%          3
d - Hailstorm             Conj/Ice       26%        3d7       16%         4
e - Beastly Appendage     Tmut           52%        N/A       1%          1
f - Poisonous Vapours     Pois/Air       52%        N/A       2%          2
g - Mephitic Cloud        Conj/Pois/Air  26%        N/A       4%          3
Your spell library was empty.

Dungeon Overview and Level Annotations

Branches:
Dungeon (5/15)
 Temple: D:4-7

Altars:
Gozag


Innate Abilities, Weirdness & Mutations

You are immune to sickness and miasma.
You are immune to poison.
Your flesh is very heat resistant. (rF++)
You are vulnerable to cold. (rC-)
You float through the air rather than walking.
You learn spells naturally, not from books.
Your magical power is your life essence.
You have superior vitality. (+4 MHP)


Message History

You feel a bit more experienced.
Casting: Poisonous Vapours (safe; 2% risk of failure)
Confirm with . or Enter, or press ? or * to list all spells.
Casting: Frozen Ramparts (dangerous; 4% risk of failure)
Press: ? - help, Dir - look around, f - activate The walls around you are covered in ice.
Casting: Frozen Ramparts (dangerous; 4% risk of failure)
Confirm with . or Enter, or press ? or * to list all spells.
A film of ice covers your body!
The white imp resists.
The wall freezes the white imp.
You hit the white imp but do no damage.
Your weapon exudes an aura of protection.
The white imp is lightly wounded.
The white imp resists.
The wall freezes the white imp.
The white imp hits you but does no damage.
You hit the white imp.
The white imp is heavily wounded.
The frozen ramparts melt away.
The white imp hits you but does no damage.
The white imp gestures at you. The puff of frost misses you.
Casting: Ozocubu's Armour (dangerous; 4% risk of failure)
Confirm with . or Enter, or press ? or * to list all spells.
Casting: Frozen Ramparts (dangerous; 4% risk of failure)
Press: ? - help, Dir - look around, f - activate The walls around you are covered in ice.
The ogre looks more healthy.
The white imp completely resists.
The wall freezes the white imp but does no damage.
The white imp gestures at you. The puff of frost hits you.
You feel a terrible chill!
* * * LOW HITPOINT WARNING * * *
The wall freezes the ogre.
The ogre closely misses you.
You hit the white imp.
The white imp is severely wounded.
The white imp resists.
The wall freezes the white imp.
The white imp hits you.
* * * LOW HITPOINT WARNING * * *
The white imp freezes you.
You feel a terrible chill!
* * * LOW HITPOINT WARNING * * *
The wall freezes the ogre.
The ogre hits you with a +0 giant club!
You die...

≈≈≈(#≈≈≈≈≈≈O...
≈≈≈≈≈5.#≈≈≈≈≈..
≈≈≈#...≈≈≈≈≈..
≈≈≈#≈8)≈≈≈≈≈#
≈≈≈≈#≈≈≈≈≈≈#
..†≈≈≈≈≈≈.##
.##≈≈.≈≈##.#
........##O#
........5@.#
#######...##
.######.....##
.............##
..............#
.......#...##.#
..#.......## >#
# .<.........#
.# #..
..#.......###.##
#.#


You could see an ogre and a white imp.

Vanquished Creatures
  Edmund (D:5)
  A water moccasin (D:5)
  2 hounds (D:5)
  A gnoll shaman (D:5)
  Jessica (D:3)
  Terence (D:3)
  6 gnolls
  3 adders (D:2)
  An adder skeleton (D:4)
  5 worms
  4 dart slugs (D:5)
  4 ball pythons
  7 endoplasms
  4 giant cockroaches
  6 goblins
  5 hobgoblins
  5 jackals (D:1)
  3 quokkas
  6 bats
  7 frilled lizards
  10 kobolds
  5 rats
88 creatures vanquished.

Vanquished Creatures (others)
  23 plants (D:3)
23 creatures vanquished.

Grand Total: 111 creatures vanquished

Notes
Turn   | Place    | Note
-------+----------+-------------------------------------------
     0 | D:1      | 101zpm the Djinni Ice Elementalist began the quest for the
                  | Orb.
     0 | D:1      | Reached XP level 1. HP: 15/15 MP: 0/0
    14 | D:1      | You are sucked into a shaft and drop 1 floor!
   216 | D:2      | Reached XP level 2. HP: 17/21 MP: 0/0
   501 | D:2      | Identified the +0 leather armour "Yrhaehaf" {rPois Dex-2
                  | Slay+5 Stlth+}
   521 | D:2      | Reached XP level 3. HP: 22/25 MP: 0/0
   521 | D:2      | Learned a level 1 spell: Beastly Appendage
   578 | D:2      | Reached skill level 4 in Spellcasting
  1036 | D:2      | Reached XP level 4. HP: 28/31 MP: 0/0
  1854 | D:1      | Reached skill level 1 in Armour
  2042 | D:1      | Reached XP level 5. HP: 33/35 MP: 0/0
  2042 | D:1      | Learned a level 2 spell: Poisonous Vapours
  3051 | D:3      | Noticed Terence
  3063 | D:3      | Killed Terence
  3408 | D:3      | Noticed Jessica
  3420 | D:3      | Killed Jessica
  3421 | D:3      | Reached skill level 5 in Spellcasting
  3421 | D:3      | Reached XP level 6. HP: 35/40 MP: 0/0
  3561 | D:3      | Found an opulent altar of Gozag.
  3895 | D:5      | Entered Level 5 of the Dungeon
  3895 | D:5      | Noticed Edmund
  3899 | D:5      | Identified the +3 mace of the Gibberer {antimagic, rElec
                  | Stlth+}
  3914 | D:5      | Killed Edmund
  3932 | D:5      | Noticed a water moccasin
  3940 | D:5      | Killed a water moccasin
  3941 | D:5      | Reached skill level 1 in Maces & Flails
  3941 | D:5      | Reached XP level 7. HP: 15/45 MP: 0/0
  3941 | D:5      | Learned a level 3 spell: Mephitic Cloud
  4618 | D:5      | Slain by an ogre

Illustrated notes

Levels and vault maps discovered:
D:1:      zelgadis_glass_arrival_small, layout_loops_ring, st_stairs_10
D:2:      layout_basic, serial_glass, glass_columns_b, glass_columns_c,
          kennysheep_generic_room_7
D:3:      layout_basic, mainiacjoe_overflow_alcove_2, serial_bayou,
          serial_bayou_shore_b, serial_bayou_lagoon_b, serial_bayou_pond_c,
          serial_bayou_lake_a, nrook_uturn, uniq_jessica, uniq_terence
D:4:      layout_rooms, nicolae_qazlal_eye_of_the_storm,
          minmay_temple_entry_from_below_a, uniq_menkaure, uniq_grinder
D:5:      kennysheep_slugbush, layout_loops_ring, gammafunk_ghost_mausoleum,
          uniq_edmund

Skill      XL: |  1  2  3  4  5  6 |
---------------+-------------------+-----
Spellcasting   | 4 5 |  5.9
Armour         | 1 2 |  2.0
Maces & Flails | 1 |  1.1
Fighting       | |  0.4
Dodging        | |  2.7
Stealth        | |  1.9
Unarmed Combat | |  0.3

Action                   |  1- 3 |  4- 6 |  7- 9 || total
-------------------------+-------+-------+-------++-------
Melee: Unarmed           |     1 |     5 |       ||     6
       Mace              |       |    14 |     3 ||    17
       Headbutt          |       |     1 |       ||     1
       Punch             |       |     1 |       ||     1
 Cast: Freeze            |    32 |    61 |       ||    93
       Frozen Ramparts   |     1 |     9 |     7 ||    17
       Ozocubu's Armour  |       |     6 |     1 ||     7
       Poisonous Vapours |       |     9 |    15 ||    24
       Beastly Appendage |       |     1 |       ||     1
       Hailstorm         |       |     1 |       ||     1
  Use: Scroll            |       |     1 |       ||     1
       Potion            |       |     1 |       ||     1
Armor: Robe              |     3 |       |       ||     3
       Leather armour    |     6 |    17 |     2 ||    25
Dodge: Dodged            |    14 |    32 |     4 ||    50
